 Dungeon Crawl Stone Soup version 0.31-a0-728-g01b46875f1 (webtiles) character file.

Game seed: 7147350244281363643

178 Nick1 the Firebug (level 5, 0/41 HPs)
             Began as a Draconian Fire Elementalist on Sept 11, 2023.
             Slain by an orc wizard
             ... wielding a +0 dagger
              (1 damage)
             ... on level 4 of the Dungeon.
             The game lasted 00:22:53 (2288 turns).

Nick1 the Firebug (Draconian Fire Elementalist)     Turns: 2288, Time: 00:22:55

Health: 0/41       AC:  5    Str: 16    XL:     5   Next: 32%
Magic:  2/9        EV: 12    Int: 17    God:
Gold:   106        SH:  0    Dex: 12    Spells: 1/10 levels left

rFire   . . .        d - +0 whip
rCold   . . .        (no shield)
rNeg    . . .        (body armour unavailable)
rPois   .            (helmet restricted)
rElec   .            (no cloak)
rCorr   .            (no gloves)
SInv    .            (no boots)
Will    +....        (no amulet)
Stlth   ++           i - +6 ring of strength
HPRegen 0.26/turn    n - ring of willpower
MPRegen 0.11/turn

%: no passive effects
@: no status effects
A: AC +5, unfitting armour, cold-blooded
a: no special abilities


You were on level 4 of the Dungeon.
You visited 1 branch of the dungeon, and saw 4 of its levels.

You collected 106 gold pieces.

Inventory:

Hand Weapons
 d - a +0 whip (weapon)
Magical Staves
 l - a staff of earth
Jewellery
 i - a +6 ring of strength (left hand)
 n - a ring of willpower (right hand)
Scrolls
 c - a scroll of immolation
 e - 2 scrolls of teleportation
 g - a scroll of torment
 j - a scroll of acquirement {unknown}
 k - a scroll of enchant armour {unknown}
 o - a scroll of blinking {unknown}
 p - a scroll of enchant weapon {unknown}
Potions
 a - a potion of magic
 b - a potion of berserk rage {unknown}
 h - 2 potions of enlightenment


   Skills:
 * Level 2.0 Fighting
 + Level 1.5 Maces & Flails
 + Level 1.8 Dodging
 + Level 2.2 Stealth
 * Level 3.0 Spellcasting
 * Level 1.9 Conjurations
 * Level 4.1 Fire Magic


You had one spell level left.
You knew the following spells:

 Your Spells              Type           Power      Damage    Failure   Level
a - Foxfire               Conj/Fire      48%        2x1d6     4%          1
b - Scorch                Fire           32%        2d6       4%          2
c - Inner Flame           Hex/Fire       9%         N/A       22%         3
d - Volatile Blastmotes   Fire/Tloc      18%        2d11      22%         3

Your spell library contained the following spells:

 Spells                   Type           Power      Damage    Failure   Level
 Dazzling Flash           Conj/Hex       10%        N/A       34%         3
 Flame Wave               Conj/Fire      12%        2d6       45%         4
 Starburst                Conj/Fire      6%         6d4       100%        6
 Maxwell's Capacitive Co  Air            1%         ∞         100%        8


Dungeon Overview and Level Annotations

Branches:
Dungeon (4/15)
 Temple: D:4-7

Altars:

Shops:
D:1 (?


Innate Abilities, Weirdness & Mutations

Your plain brown scales are hard. (AC +5)
You cannot fit into any form of body armour.
You are cold-blooded and may be slowed by cold attacks.


Message History

The foxfire hits the orc priest but does no damage.
The orc priest is lightly wounded.
Your foxfire dissipates!
Casting: Foxfire (safe; 4% risk of failure)
Confirm with . or Enter, or press ? or * to list all spells.
You conjure some foxfire!
The foxfire hits the orc priest but does no damage.
The orc priest is lightly wounded.
The foxfire hits the orc priest but does no damage.
The orc priest is lightly wounded.
The orc priest mumbles some strange prayers to Beogh against you.
Beogh smites you!
Casting: Foxfire (safe; 4% risk of failure)
Confirm with . or Enter, or press ? or * to list all spells.
You don't have enough magic to cast this spell.
The orc priest hits you with a +0 dagger.
You barely miss the orc priest.
The orc priest is lightly wounded.
You barely miss the orc priest.
The orc priest is lightly wounded.
The orc priest invokes the aid of Beogh against you.
You resist with some effort. Something barely misses you.
You hit the orc priest but do no damage.
The orc priest is lightly wounded.
The orc priest barely misses you. Something hits you but does no damage.
You hit the orc priest but do no damage.
The orc priest is lightly wounded.
The orc priest hits you with a +0 falchion.
The orc priest calls down the wrath of Beogh upon you.
Beogh smites you!
* * * LOW HITPOINT WARNING * * *
Something hits you but does no damage.
You hit the orc priest but do no damage.
You tail-slap the orc priest, but do no damage.
The orc priest is lightly wounded.
The orc priest calls upon Beogh to heal the orc priest.
The orc priest's wounds heal themselves!
The orc priest hits you but does no damage.
Something hits you.
You die...

#... #......# # ### #..#
#......# #
#..##..###+##......### +
^.....##...#........#
.........#......#.#
#.......#........#
#########+##.......#.#.#w#..#
................oo.#..o.....#
................@..#.#o#.#..#
##################.#.......##
#.#o#{#.#.# #.#.......#
#.o...##### #######


You could see 2 orc priests.

Vanquished Creatures
  A scorpion (D:3)
  A hound (D:4)
  3 gnolls (D:3)
  2 adders (D:2)
  A worm (D:2)
  A dart slug (D:2)
  2 orcs
  A bat (D:1)
  4 endoplasms
  A giant cockroach (D:1)
  3 goblins
  5 hobgoblins
  2 kobolds
  2 quokkas (D:3)
  2 ball pythons (D:1)
  5 frilled lizards
  7 rats
43 creatures vanquished.

Vanquished Creatures (others)
  49 foxfires
49 creatures vanquished.

Grand Total: 92 creatures vanquished

Notes
Turn   | Place    | Note
-------+----------+-------------------------------------------
     0 | D:1      | Nick1 the Draconian Fire Elementalist began the quest for
                  | the Orb.
     0 | D:1      | Reached XP level 1. HP: 14/14 MP: 3/3
   164 | D:1      | Reached XP level 2. HP: 22/22 MP: 3/5
   464 | D:1      | Reached skill level 1 in Fighting
   486 | D:1      | Found Xisistringe's Weapon Boutique.
   625 | D:1      | Found Koum's Magic Scroll Boutique.
   666 | D:2      | Found a faded altar of an unknown god.
   696 | D:2      | Learned a level 2 spell: Scorch
   989 | D:2      | Reached XP level 3. HP: 28/28 MP: 2/6
   993 | D:2      | Learned a level 3 spell: Inner Flame
  1578 | D:3      | Reached skill level 1 in Maces & Flails
  1587 | D:3      | Reached XP level 4. HP: 26/36 MP: 1/7
  1788 | D:3      | Noticed a scorpion
  1828 | D:3      | Killed a scorpion
  1829 | D:3      | Reached skill level 4 in Fire Magic
  1829 | D:3      | Reached XP level 5. HP: 12/41 MP: 1/9
  2165 | D:4      | Learned a level 3 spell: Volatile Blastmotes
  2287 | D:4      | HP: 1/41 [orc priest/divine providence (14)]
  2288 | D:4      | Slain by an orc wizard

Illustrated notes

Levels and vault maps discovered:
D:1:      lemuel_arrival_room, layout_loops_ring, serial_shops, shop,
          nicolae_shop_rolled_up
D:2:      layout_basic, hellmonk_ecumenical_altar_slurped_away
D:3:      layout_basic
D:4:      layout_gridville, cheibrodos_ashenzari_chains,
          minmay_temple_entry_wispy, gammafunk_ghost_grave, serial_glass,
          glass_columns_a, glass_columns_a, glass_columns_b, glass_columns_b,
          glass_columns_a, glass_columns_a

Skill      XL: |  1  2  3  4  5 |
---------------+----------------+-----
Stealth        | 2 |  2.2
Fighting       | 1 2 |  2.0
Maces & Flails | 1 |  1.5
Fire Magic     | 4 |  4.1
Spellcasting   | 3 |  3.0
Dodging        | |  1.8
Conjurations   | |  1.9

Action                     |  1- 3 |  4- 6 || total
---------------------------+-------+-------++-------
  Melee: Whip              |    46 |    15 ||    61
         Tailslap          |     7 |     2 ||     9
         Punch             |     1 |       ||     1
   Cast: Foxfire           |    29 |    11 ||    40
         Scorch            |    10 |    12 ||    22
    Use: Scroll            |     2 |     2 ||     4
         Potion            |       |     2 ||     2
   Stab: Sleeping          |     4 |       ||     4
 Armour: Skin              |    17 |    24 ||    41
  Dodge: Dodged            |    19 |    13 ||    32

Table legend: (Time is in decaauts)
 A = Elapsed time spent in this place.
 B = Non-inter-level travel time spent in this place.
 C = Inter-level travel time spent in this place.
 D = Time resting spent in this place.
 E = Time spent auto-exploring this place.
 F = Levels seen in this place.
 G = Mean time per level.
                   A        B        C        D        E       F      G
               +--------+--------+--------+--------+--------+-----+--------+
         Total |   2290 |   2190 |    100 |     38 |    949 |   4 |  572.5 |
       Dungeon |   2290 |   2190 |    100 |     38 |    949 |   4 |  572.5 |
               +--------+--------+--------+--------+--------+-----+--------+

Top non-repeatable levels by time:
     D:2: 762 daAuts
     D:3: 732 daAuts
     D:1: 658 daAuts
     D:4: 137 daAuts
